 Dungeon Crawl Stone Soup version 0.18-a0-960-g77c8fc5 (webtiles) character file.

258 Duffy the Skirmisher (level 5, -3/51 HPs)
             Began as a Draconian Assassin on Dec 31, 2015.
             Slain by an orc
             ... wielding a +0 flail
              (9 damage)
             ... on level 3 of the Dungeon.
             The game lasted 00:02:42 (2756 turns).

Duffy the Skirmisher (Draconian Assassin)           Turns: 2756, Time: 00:02:42

Health: -3/51      AC:  7    Str: 15    XL:     5   Next: 94%
Magic:  5/5        EV: 11    Int: 11    God:
Gold:   72         SH:  0    Dex: 12    Spells: 0 memorised, 4 levels left

rFire  . . .     SeeInvis .     a - +2 dagger
rCold  . . .     Gourm    .     (armour unavailable)
rNeg   . . .     Faith    .     (no shield)
rPois  .         Spirit   .     (helmet restricted)
rElec  .         Dismiss  .     c - +0 cloak
rCorr  .         Reflect  .     m - +0 pair of gloves
SustAt .         Harm     .     (no boots)
MR     .....                    (no amulet)
Stlth  ++........               (no ring)
                                (no ring)

@: lethally poisoned (-3 -> -4), not resistant to hostile enchantments,
unstealthy
A: unfitting armour, cold-blooded, AC +5
a: no special abilities


You were on level 3 of the Dungeon.
You were not hungry.

You visited 1 branch of the dungeon, and saw 4 of its levels.

You collected 72 gold pieces.


Innate Abilities, Weirdness & Mutations

Your plain brown scales are hard (AC +5).
Your body does not fit into most forms of armour.
You are cold-blooded and may be slowed by cold attacks.


   Skills:
 + Level 6.5 Fighting
 - Level 2.0 Short Blades
 - Level 1.8 Throwing
 - Level 0.8 Dodging
 - Level 4.0 Stealth


You had 4 spell levels left.
You didn't know any spells.

Inventory:

Hand Weapons
 a - a +2 dagger (weapon)
 b - a +0 blowgun
Missiles
 d - 5 poisoned needles
 e - 6 curare-tipped needles
 o - 8 javelins of penetration (quivered)
Armour
 c - a +0 cloak (worn)
 m - a +0 pair of gloves (worn)
Wands
 n - a wand of magic darts (8/48)
Scrolls
 g - 2 scrolls of blinking {unknown}
 i - 2 scrolls of remove curse {unknown}
 j - a scroll of recharging {unknown}
 k - 2 scrolls of amnesia {unknown}
 l - a scroll of teleportation {unknown}
 p - a scroll of identify {unknown}
Potions
 h - a potion of mutation {unknown}
 r - a potion of degeneration {unknown}
Comestibles
 f - 3 bread rations
 q - a meat ration

Dungeon Overview and Level Annotations

Branches:
Dungeon (4/15)
 Temple: D:4-7

Altars:
Makhleb


Message History

You climb downwards.
The orc hits you with a flail!
The centaur shoots a poisoned arrow.
The poisoned arrow closely misses you.
There is a stone staircase leading up, spattered with blood here.
You see here 3 poisoned arrows.
The orc hits you but does no damage.
The centaur shoots a poisoned arrow.
The poisoned arrow hits you!
You are poisoned.
You climb upwards.
You feel sick.
There is a stone staircase leading down here.
You feel sick.
You feel sick.
There is an open door here.
You are too injured to fight recklessly!
You are too injured to fight recklessly!
You are too injured to fight recklessly!
You barely miss the orc.
You feel sick. The orc barely misses you.
You barely miss the orc. The orc hits you but does no damage.
You hit the orc but do no damage. You hit the orc but do no damage.
You feel sick. The orc hits you with a flail.
You closely miss the orc.
You tail-slap the orc, but do no damage.
The orc hits you with a flail!
You hit the orc.
The orc is moderately wounded.
The orc hits you with a flail.
You hit the orc but do no damage.
The orc is moderately wounded.
You hit the orc but do no damage.
You tail-slap the orc, but do no damage.
The orc is moderately wounded.
You feel sick. The orc hits you but does no damage.
You closely miss the orc.
The orc is moderately wounded.
The orc hits you with a flail!
You die...

###### #....#
########....# ######
#......#....# #....#
##'####.#....# #....####
#.....#.#....# #....#...
#.....#.#....####....#...
#...>..o@.......'..%.'...
#.....#.#....####....#...
#............# #....#...
#.....#..##### ##....#...
#.....#..# #.....#...
#.....#..# #...###...
#........# ##...###...
#....##.### #.....##...
### #....##).<##
#.._..##...


You could see an orc.

Action                   |  1- 3 |  4- 6 || total
-------------------------+-------+-------++-------
Melee: Dagger            |    71 |   130 ||   201
 Fire: Blowgun           |     7 |     6 ||    13
 Stab: Sleeping          |     5 |     3 ||     8
       Distracted        |       |     1 ||     1
  Eat: Chunk             |     1 |     5 ||     6

Notes
Turn   | Place    | Note
--------------------------------------------------------------
     0 | D:1      | Duffy the Draconian Assassin began the quest for the Orb.
     0 | D:1      | Reached XP level 1. HP: 17/17 MP: 1/1
    24 | D:1      | Reached skill level 4 in Stealth
    24 | D:1      | Reached XP level 2. HP: 24/24 MP: 2/2
   773 | D:1      | Reached skill level 3 in Fighting
   773 | D:1      | Reached XP level 3. HP: 17/31 MP: 3/3
  1258 | D:2      | Reached skill level 4 in Fighting
  1457 | D:2      | Reached XP level 4. HP: 25/40 MP: 4/4
  2135 | D:3      | Reached skill level 5 in Fighting
  2298 | D:3      | Noticed Ijyb
  2321 | D:3      | Killed Ijyb
  2321 | D:3      | Reached XP level 5. HP: 29/48 MP: 5/5
  2477 | D:3      | Found a burning altar of Makhleb.
  2669 | D:4      | Noticed a centaur
  2669 | D:4      | Noticed Duffy's ghost (weakling HEFE)
  2670 | D:4      | Reached skill level 6 in Fighting
  2675 | D:4      | Killed Duffy's ghost
  2756 | D:3      | Slain by an orc

Vault maps used:
D:1:      onia_arrival_handbag, minmay_fountain_box, minivault_5
D:2:      nicolae_tso_carved_into_rock
D:3:      lemuel_castle_with_subvaults, lightli_temple_of_fire,
          makhleb_heckhound_becter, first_bread, uniq_iyjb
D:4:      yredelemnul_altar_generic, lemuel_crystal_altar, serial_shops,
          nicolae_shop_waterfront

Vanquished Creatures
  A scorpion
  The ghost of Duffy the Magician, a weakling HEFE
  A hound Ijyb
  5 adders
  2 gnolls
  An ooze
  2 worms
  A giant gecko
  A giant cockroach
  2 goblins
  4 hobgoblins
  9 jackals
  A quokka
  4 bats
  5 giant newts
  7 kobolds
  7 rats
55 creatures vanquished.
